 Dungeon Crawl Stone Soup version 0.31-a0-963-ga325b2283a (webtiles) character file.

Game seed: 4096768570098209787

1546 Shayle the Nimble (level 8, 0/79 HPs)
             Began as an Ogre Hexslinger on Oct 25, 2023.
             Succumbed to a killer bee's poison
             ... on level 10 of the Dungeon.
             The game lasted 00:12:39 (4973 turns).

Shayle the Nimble (Ogre Hexslinger)                 Turns: 4973, Time: 00:12:39

Health: 0/79       AC:  3    Str: 13    XL:     8   Next: 87%
Magic:  9/9        EV: 12    Int: 16    God:
Gold:   263        SH:  0    Dex: 11    Spells: 7/9 levels left

rFire   . . .        k - +6 shillelagh "Devastator" {shatter}
rCold   . . .        (no shield)
rNeg    . . .        c - +0 robe
rPois   +            (helmet restricted)
rElec   .            (no cloak)
rCorr   .            (gloves unavailable)
SInv    .            (boots unavailable)
Will    .....        (no amulet)
Stlth   +            j - ring of poison resistance
HPRegen 0.33/turn    (no ring)
MPRegen 0.11/turn

%: no passive effects
@: mighty, lethally poisoned (0 -> -3), attractive
A: large, unfitting armour, tough skin 1
a: no special abilities


You were on level 10 of the Dungeon.
You visited 1 branch of the dungeon, and saw 8 of its levels.

You collected 263 gold pieces.

Inventory:

Hand Weapons
 a - a +1 sling
 d - a +2 flail of protection
 g - a +1 whip of venom
 k - the +6 shillelagh "Devastator" (weapon) {shatter}
   (You found it on level 3 of the Dungeon)
 o - a +2 short sword of electrocution
 u - the +2 short sword "Arbiter" {spect, Drain rPois rCorr Stlth+}
   (You found it on level 7 of the Dungeon)

   rPois:     It protects you from poison rCorr: It protects you from acid and
   corrosion.
   Drain:     It drains your maximum health when unequipped.
   Stlth+:    It makes you more stealthy.
Missiles
 m - 2 boomerangs
Armour
 c - a +0 robe (worn)
 s - a +1 cloak
Jewellery
 j - a ring of poison resistance (left hand)
Wands
 v - a wand of polymorph (7)
Scrolls
 e - 2 scrolls of amnesia
 h - 2 scrolls of enchant armour
 p - 4 scrolls of identify
Potions
 f - a potion of haste
 r - a potion of attraction


   Skills:
 - Level 4.7 Fighting
 - Level 1.3 Ranged Weapons
 + Level 9.0 Dodging
 - Level 2.9 Unarmed Combat
 - Level 1.2 Spellcasting
 - Level 2.6 Hexes
 - Level 0.8 Fire Magic


You had 7 spell levels left.
You knew the following spells:

 Your Spells              Type           Power      Damage    Failure   Level
a - Jinxbite              Hex            18%        N/A       12%         2

Your spell library contained the following spells:

 Spells                   Type           Power      Damage    Failure   Level
 Sigil of Binding         Hex            9%         N/A       22%         3
 Inner Flame              Hex/Fire       6%         N/A       32%         3
 Cause Fear               Hex            4%         N/A       58%         4
 Dimensional Bullseye     Hex/Tloc       2%         N/A       78%         4


Dungeon Overview and Level Annotations

Branches:
Dungeon (7/15)
 Temple: D:4-7

Altars:
Dithmenos
Ru

Shops:
D:3 =

Annotations:
D:3 1 runed translucent door, Crazy Yiuf
D:5 Menkaure


Innate Abilities, Weirdness & Mutations

You are too large for most types of armour.
You have tough skin. (AC +1)


Message History

The killer bee resists with significant effort.
The now-empty wand crumbles to dust.
The killer bee stings you!
* * * LOW HITPOINT WARNING * * *
The killer bee closely misses you.
Aiming: Polymorph
Press: ? - help, Shift-Dir - straight line, f/p - killer bee
Aim: a killer bee (heavily wounded, will become a bat, a swamp drake, or an acid dragon, chance to affect: 57%)
The killer bee evaporates and reforms as a bat!
The bat closely misses you. The bat barely misses you.
You barely miss the bat. The bat hits you.
* * * LOW HITPOINT WARNING * * *
The bat closely misses you.
You sock the bat!
The killer bee shudders.
The killer bee is lightly wounded.
You kill the bat!
The killer bee returns to its original shape as it dies.
The killer bee barely misses you.
You closely miss the killer bee.
The killer bee is lightly wounded.
The killer bee barely misses you. The killer bee stings you.
* * * LOW HITPOINT WARNING * * *
You are poisoned.
The killer bee poisons you! The killer bee misses you.
Okay, then.
Okay, then.
Unknown command.
The air fills with toxic fumes!
As you read the scroll of poison, it crumbles to dust.
You feel sick. The killer bee stings you.
* * * LOW HITPOINT WARNING * * *
The killer bee stings you.
* * * LOW HITPOINT WARNING * * *
You barely miss the killer bee.
You feel sick. The killer bee barely misses you.
The killer bee closely misses you.
You miss the killer bee.
You feel sick. The killer bee closely misses you. The killer bee stings you.
* * * LOW HITPOINT WARNING * * *
The killer bee closely misses you.
You barely miss the killer bee.
You die...

.... ............ ##.
.......... #.....#
.......... ....... ......(..
...... ........ #....
......# ....## #####
############
##...###§#.###.#...#.#.##
#......#@#..#...##...#.#.
#.#....y.##y#...##......#..
#........#.§§§...#.......#.
.....y.y#.y.§§§§§...........
........####################
......... .........
......... ..........


You could see a killer bee.

Vanquished Creatures
  Grinder (D:3)
  A sky beast (D:7)
  An ice beast (D:7)
  An ogre (D:5)
  6 bullfrogs (D:7)
  2 scorpions
  4 wights
  2 orc priests (D:7)
  3 hounds
  An orc wizard (D:7)
  An iguana (D:7)
  A sleepcap (D:4)
  3 gnolls
  5 adders
  A white imp (D:7)
  3 worms
  14 orcs
  8 bats
  5 endoplasms
  6 hobgoblins
  5 kobolds
  5 quokkas
  7 ball pythons
  3 frilled lizards
  3 goblins
  5 rats
97 creatures vanquished.

Vanquished Creatures (collateral kills)
  A ball python (D:3)
  A frilled lizard (D:3)
2 creatures vanquished.

Vanquished Creatures (others)
  A killer bee (D:10)
1 creature vanquished.

Grand Total: 100 creatures vanquished

Notes
Turn   | Place    | Note
-------+----------+-------------------------------------------
     0 | D:1      | Shayle the Ogre Hexslinger began the quest for the Orb.
     0 | D:1      | Reached XP level 1. HP: 19/19 MP: 2/2
   163 | D:1      | Reached skill level 2 in Dodging
   209 | D:1      | Reached XP level 2. HP: 28/28 MP: 3/3
   464 | D:1      | Reached skill level 1 in Unarmed Combat
   912 | D:2      | Reached XP level 3. HP: 13/36 MP: 4/4
  1220 | D:3      | Identified the +1 pair of gloves of Valour {Str+3}
  1243 | D:3      | Noticed Grinder
  1493 | D:2      | Learned a level 2 spell: Jinxbite
  1508 | D:2      | Reached XP level 4. HP: 33/45 MP: 5/5
  1833 | D:3      | Found Iphask's Jewellery Shop.
  2011 | D:3      | Paralysed by Grinder for 3 turns
  2034 | D:3      | Paralysed by Grinder for 4 turns
  2069 | D:3      | Found a runed translucent door.
  2069 | D:3      | Found the +6 shillelagh "Devastator" {shatter}
  2070 | D:3      | Noticed Crazy Yiuf
  2098 | D:3      | Killed Grinder
  2099 | D:3      | Reached skill level 3 in Dodging
  2099 | D:3      | Reached XP level 5. HP: 44/55 MP: 6/6
  2099 | D:3      | Reached XP level 6. HP: 50/63 MP: 7/7
  2909 | D:4      | Found a sacrificial altar of Ru.
  2909 | D:4      | Found a shadowy altar of Dithmenos.
  3064 | D:4      | Reached skill level 4 in Dodging
  3384 | D:5      | Entered Level 5 of the Dungeon
  3408 | D:5      | Reached XP level 7. HP: 59/71 MP: 8/8
  3450 | D:5      | Noticed Menkaure
  3464 | D:7      | Reached skill level 5 in Dodging
  3852 | D:7      | Reached skill level 6 in Dodging
  4045 | D:7      | Reached XP level 8. HP: 79/79 MP: 9/9
  4114 | D:7      | Reached skill level 7 in Dodging
  4303 | D:6      | Reached skill level 8 in Dodging
  4549 | D:7      | Identified the +2 short sword "Arbiter" {spect, Drain rPois
                  | rCorr Stlth+}
  4779 | D:7      | Reached skill level 9 in Dodging
  4797 | D:7      | You fall into a shaft and drop 3 floors!
  4797 | D:10     | Entered Level 10 of the Dungeon
  4854 | D:10     | Noticed a troll
  4856 | D:10     | Noticed a yak
  4856 | D:10     | Noticed a yak
  4858 | D:10     | Noticed a yak
  4869 | D:10     | Noticed a yak
  4972 | D:10     | HP: 2/79 [killer bee (4)]
  4973 | D:10     | Succumbed to a killer bee's poison

Illustrated notes

Levels and vault maps discovered:
D:1:      eino_arrival_druids_welcome, layout_basic
D:2:      layout_basic, minivault_4, hex_large
D:3:      layout_basic, serial_shops, nicolae_shop_behind_doors, minivault_27,
          uniq_grinder, uniq_crazy_yiuf_cottage
D:4:      layout_basic, nicolae_overflow_squiral, serial_rivers,
          chequers_serial_rivers_micro_d, chequers_serial_rivers_micro_a,
          chequers_serial_rivers_micro_a, chequers_serial_rivers_room_b
D:5:      layout_gridville, uniq_menkaure
D:6:      layout_gridville, kennysheep_mini_moat, trog_butcher_becter,
          minmay_temple_entry_slanted
D:7:      layout_loops_ring, serial_park_tiny_pond
D:10:     layout_cave_pools, nicolae_elyvilon_peaceful_grove,
          nicolae_qazlal_eye_of_the_storm, minmay_misc_feat_rugged,
          palyth_stone_intersect

Skill      XL: |  1  2  3  4  5  6  7  8 |
---------------+-------------------------+-----
Dodging        | 2 3 4 6 9 |  9.0
Fighting       | 2 3 4 |  4.7
Unarmed Combat | 1 2 |  2.9
Ranged Weapons | |  1.3
Spellcasting   | |  1.2
Hexes          | |  2.6
Fire Magic     | |  0.8

Action                     |  1- 3 |  4- 6 |  7- 9 || total
---------------------------+-------+-------+-------++-------
  Melee: Whip              |    82 |    20 |       ||   102
         Shillelagh        |       |    38 |    81 ||   119
         Punch             |       |     2 |       ||     2
   Fire: Sling             |    14 |       |       ||    14
   Cast: Jinxbite          |       |     2 |       ||     2
  Evoke: Wand              |       |     1 |     4 ||     5
    Use: Scroll            |     5 |       |     5 ||    10
         Potion            |     1 |       |     6 ||     7
   Stab: Sleeping          |       |     1 |     1 ||     2
         Invisible         |       |       |     2 ||     2
 Armour: Robe              |    90 |    38 |    74 ||   202
  Dodge: Dodged            |    58 |    25 |    88 ||   171

Table legend: (Time is in decaauts)
 A = Elapsed time spent in this place.
 B = Non-inter-level travel time spent in this place.
 C = Inter-level travel time spent in this place.
 D = Time resting spent in this place.
 E = Time spent auto-exploring this place.
 F = Levels seen in this place.
 G = Mean time per level.
                   A        B        C        D        E       F      G
               +--------+--------+--------+--------+--------+-----+--------+
         Total |   5004 |   4869 |    135 |    577 |   3229 |   8 |  625.5 |
       Dungeon |   5004 |   4869 |    135 |    577 |   3229 |   8 |  625.5 |
               +--------+--------+--------+--------+--------+-----+--------+

Top non-repeatable levels by time:
     D:7: 1243 daAuts
     D:1: 981 daAuts
     D:3: 959 daAuts
     D:2: 769 daAuts
     D:4: 698 daAuts
    D:10: 159 daAuts
     D:6: 116 daAuts
     D:5: 75 daAuts
